 Dungeon Crawl Stone Soup version 0.31-a0-188-g5e087ee2ca (webtiles) character file.

Game seed: 6467345186095479363

63 qw the Shooter (level 3, 0/20 HPs)
             Began as a Deep Elf Hunter on June 23, 2023.
             Slain by a goblin
             ... wielding a +0 club
             ... led by Robin
              (4 damage)
             ... on level 2 of the Dungeon.
             The game lasted 00:00:32 (1084 turns).

qw the Shooter (Deep Elf Hunter)                    Turns: 1084, Time: 00:00:32

Health: 0/20       AC:  6    Str: 10    XL:     3   Next: 87%
Magic:  5/5        EV:  9    Int: 13    God:
Gold:   59         SH:  0    Dex: 18    Spells: 2/2 levels left

rFire   . . .        Y - +1 shortbow
rCold   . . .        (shield currently unavailable)
rNeg    . . .        g - +0 scale mail
rPois   .            (no helmet)
rElec   .            (no cloak)
rCorr   .            (no gloves)
SInv    .            (no boots)
Will    .....        j - amulet of the acrobat
Stlth   +            (no ring)
HPRegen 0.23/turn    (no ring)
MPRegen 0.09/turn

%: acrobat
@: no status effects
A: no striking features
a: no special abilities


You were on level 2 of the Dungeon.
You visited 1 branch of the dungeon, and saw 2 of its levels.

You collected 59 gold pieces.


   Skills:
 - Level 1.5 Fighting
 + Level 7.3 Ranged Weapons
 - Level 2.4 Dodging
 - Level 1.2 Stealth


You had 2 spell levels left.
You didn't know any spells.
Your spell library was empty.

Inventory:

Hand Weapons
 Y - a +1 shortbow (weapon)
Armour
 a - a +0 ring mail
 b - a +0 pair of gloves
 g - a +0 scale mail (worn)
Jewellery
 j - an amulet of the acrobat (around neck)
Scrolls
 h - a scroll of acquirement {unknown}
Potions
 c - a potion of brilliance {unknown}
 d - a potion of might {unknown}
 e - a potion of lignification {unknown}
 f - a potion of attraction {unknown}

Dungeon Overview and Level Annotations

Branches:
Dungeon (2/15)

Altars:

Shops:
D:1 :

Annotations:
D:2 Robin


Message History

You shoot an arrow. The arrow hits the goblin.
The goblin is moderately wounded.
A hobgoblin comes into view.
You shoot an arrow. The arrow hits the goblin.
You kill the goblin!
You shoot an arrow.
The arrow hits the hobgoblin but does no damage.
The goblin closely misses you.
You shoot an arrow. The arrow hits the goblin.
You kill the goblin!
Robin of the Strong Arm comes into view.
They are wielding a +0 short sword.
You shoot an arrow.
The arrow hits the hobgoblin but does no damage.
Robin throws the goblin at you! The hobgoblin hits you with a +0 club.
The goblin barely misses you. x2; The hobgoblin hits you with a +0 club.
You shoot an arrow. The arrow closely misses the hobgoblin.
The hobgoblin misses you. The goblin hits you with a +0 dagger.
A goblin comes into view. It is wielding a +0 club.
You shoot an arrow. The arrow hits the hobgoblin.
The hobgoblin is moderately wounded.
Robin throws the goblin at you! The goblin hits you with a +0 dagger.
The hobgoblin hits you with a +0 club. The goblin misses you.
You shoot an arrow. The arrow hits the hobgoblin!
You kill the hobgoblin!
The goblin barely misses you. The goblin hits you with a +0 club.
You shoot an arrow. The arrow closely misses the hobgoblin.
The arrow hits Robin!
Robin is heavily wounded.
The goblin hits you but does no damage. The hobgoblin barely misses you.
The goblin misses you.
The goblin hits you but does no damage. x2
The hobgoblin barely misses you.
You shoot an arrow. The arrow closely misses the hobgoblin.
The goblin barely misses you. The hobgoblin barely misses you.
The goblin barely misses you.
You shoot an arrow.
The arrow hits the hobgoblin but does no damage.
The goblin hits you with a +0 dagger.
The hobgoblin hits you but does no damage.
The goblin hits you with a +0 club.
You die...

# ##. .).
####.##.#
#.gg....# #@# #g#
#)################
#.................
##################
#....(# #.....###
#........
#.....###


You could see a hobgoblin and 2 goblins.

Vanquished Creatures
  A worm (D:2)
  A dart slug (D:1)
  2 ball pythons
  5 bats
  4 endoplasms
  A giant cockroach (D:2)
  13 goblins
  9 hobgoblins
  6 kobolds
  A quokka (D:1)
  5 rats
48 creatures vanquished.

Notes
Turn   | Place    | Note
-------+----------+-------------------------------------------
     0 | D:1      | qw the Deep Elf Hunter began the quest for the Orb.
     0 | D:1      | Reached XP level 1. HP: 12/12 MP: 3/3
     0 | D:1      | 0 ||| qw: Version: 0.3-a-9-g12657ce
     0 | D:1      | 0 ||| qw: Game counter: 3989
     0 | D:1      | 0 ||| qw: Always use a shield: true
     0 | D:1      | 0 ||| qw: God list: Okawaru
     0 | D:1      | 0 ||| qw: Allow faded altars: false
     0 | D:1      | 0 ||| qw: Do Orc after D:15 true
     0 | D:1      | 0 ||| qw: Do second Lair branch before Depths: true
     0 | D:1      | 0 ||| qw: Lair rune preference: random
     0 | D:1      | 0 ||| qw: Plans: Normal
     0 | D:1      | 0 ||| PLANNING D:1-11
   161 | D:1      | Reached XP level 2. HP: 16/16 MP: 4/4
   174 | D:1      | Reached skill level 6 in Ranged Weapons
   328 | D:1      | Found Urphuic's Book Emporium.
   474 | D:1      | Reached XP level 3. HP: 20/20 MP: 5/5
   584 | D:1      | 584 ||| UPGRADING to +0 scale mail.
   594 | D:1      | 594 ||| DROPPING +0 leather armour.
   595 | D:1      | 595 ||| UPGRADING to amulet of the acrobat.
   600 | D:1      | 600 ||| READING scroll labelled VONLAO APLECSE.
   601 | D:1      | 601 ||| READING scroll labelled PAOSUPRIGOU.
   605 | D:1      | 605 ||| READING scroll labelled CEAWNE EQECOVA.
   606 | D:1      | 606 ||| READING scroll labelled LERROIFUESK.
   607 | D:1      | 607 ||| DROPPING scroll of butterflies.
   805 | D:2      | 805 ||| FLEEEEING.
   912 | D:2      | Reached skill level 7 in Ranged Weapons
   943 | D:2      | Found a faded altar of an unknown god.
  1077 | D:2      | Noticed Robin
  1080 | D:2      | HP: 4/20 [hobgoblin/+0 club[Robin] (3)]
  1084 | D:2      | Slain by a goblin

Levels and vault maps discovered:
D:1:      dpeg_arrival_simpleton_c, layout_basic, serial_shops, shop,
          bh_walls_and_bars
D:2:      layout_basic, hellmonk_ecumenical_altar_heavens_door, uniq_robin

Skill      XL: |  1  2  3 |
---------------+----------+-----
Ranged Weapons | 6 7 |  7.3
Fighting       | |  1.5
Dodging        | |  2.4
Stealth        | |  1.2

Action                     || total
---------------------------++-------
   Fire: Shortbow          ||   127
    Use: Scroll            ||     4
 Armour: Leather armour    ||     6
         Scale mail        ||    16
  Dodge: Dodged            ||    31

Table legend:
 A = Non-vault XP
 B = Vault XP
 C = Vault XP percentage of total XP
 D = Non-vault monster count
 E = Vault monster count
 F = Vault count percentage of total count
                 A         B        C        D         E       F
            +---------+---------+-------+---------+---------+-------
      Total |      76 |      14 |  15.6 |      41 |       7 |  14.6
            +---------+---------+-------+---------+---------+-------
        D:1 |      41 |       0 |   0.0 |      22 |       0 |   0.0
        D:2 |      35 |      14 |  28.6 |      19 |       7 |  26.9
            +---------+---------+-------+---------+---------+-------
